 Dungeon Crawl Stone Soup version 0.30-a0-540-g0af01429fa (webtiles) character file.

Game seed: 10674393359692976783

9548 Shayle the Fighter (level 11, -23/111 HPs)
             Began as a Tengu Brigand on Dec 26, 2022.
             Was a Follower of Wu Jian.
             Annihilated by Gastronok (36 damage)
             ... on level 1 of the Lair of Beasts.
             The game lasted 00:35:53 (9344 turns).

Shayle the Fighter (Tengu Brigand)                  Turns: 9344, Time: 00:35:54

Health: -23/111    AC:  8    Str: 16    XL:     11   Next: 48%
Magic:  2/12       EV: 20    Int: 11    God:    Wu Jian [*.....]
Gold:   83         SH:  6    Dex: 22    Spells: 6/10 levels left

rFire   + + .      SeeInvis +    O - +3 rapier (venom)
rCold   + . .      Faith    .    T - +0 buckler
rNeg    + . .      Spirit   .    b - +0 robe
rPois   +          Reflect  .    (helmet restricted)
rElec   +          Harm     .    j - +2 cloak
rCorr   +          Rampage  .    w - +2 pair of gloves
Will    +....                    (boots unavailable) Stlth
                                 (no amulet)
HPRegen 0.38/turn                B - ring of Qaluiryf {rF+ rN+ Will+}
MPRegen 0.13/turn                N - +6 ring of dexterity

@: berserking, resistant, marked, attractive, flying quickly and evasively, very
quick
A: beak, talons 3, nimble flight, camouflage 1, see invisible, MP-powered wands,
noise suppression
a: Renounce Religion


You were on level 1 of the Lair of Beasts.
You worshipped Wu Jian.
Wu Jian was aware of your devotion.
You visited 3 branches of the dungeon, and saw 12 of its levels.
You also visited: Sewer and Bailey.

You collected 622 gold pieces.
You spent 539 gold pieces at shops.

Inventory:

Hand Weapons
 e - a +1 dagger of protection
 t - the +8 spear "Xilanaets" {vamp, Int+7}
   (You found it in a bailey)

   It occasionally heals its wielder for a portion of the damage dealt when it
   wounds a living foe.
   Int:       It affects your intelligence (+7).
 G - a +6 long sword of freezing
 O - a +3 rapier of venom (weapon)
 W - a +1 rapier of protection
Missiles
 d - 24 poisoned darts (quivered)
 v - 2 atropa-tipped darts
 y - 2 curare-tipped darts
Armour
 b - a +0 robe (worn)
 j - a +2 cloak (worn)
 u - an orb of guile
 w - a +2 pair of gloves (worn)
 I - a +2 robe of cold resistance
 T - a +0 buckler (worn)
Jewellery
 f - a ring of magical power
 g - a +4 ring of evasion
 B - the ring of Qaluiryf (left hand) {rF+ rN+ Will+}
   (You acquired it on level 2 of the Dungeon)

   [ring of positive energy]

   rF:        It protects you from fire.
   rN:        It protects you from negative energy.
   Will:      It increases your willpower.
 N - a +6 ring of dexterity (right hand)
Wands
 x - a wand of roots (7)
 M - a wand of digging (5)
Scrolls
 c - 3 scrolls of magic mapping
 h - 5 scrolls of teleportation
 o - 6 scrolls of enchant armour
 A - a scroll of fog
 H - 2 scrolls of amnesia
 Q - a scroll of silence {unknown}
 U - a scroll of summoning {unknown}
 V - 2 scrolls of vulnerability {unknown}
Potions
 n - a potion of invisibility
 q - 2 potions of mutation
 J - a potion of might
 L - a potion of haste {unknown}
 P - a potion of magic {unknown}


   Skills:
 + Level 11.5 Fighting
 - Level 2.1(4.9) Short Blades
 + Level 6.9(7.0) Long Blades
 - Level 2.0 Throwing
 + Level 7.0 Dodging
 - Level 10.9 Stealth
 - Level 4.0 Shields


You had 6 spell levels left.
You knew the following spells:

 Your Spells              Type           Power      Damage    Failure   Level
a - Passage of Golubria   Tloc           0%         N/A       99%         4

Your spell library contained the following spells:

 Spells                   Type           Power      Damage    Failure   Level
 Freeze                   Ice            0%         1d3       41%         1
 Sandblast                Erth           0%         2d4       41%         1
 Passwall                 Tmut/Erth      0%         N/A       56%         2
 Sublimation of Blood     Necr           0%         N/A       56%         2
 Wereblood                Tmut           0%         N/A       56%         2
 Frozen Ramparts          Ice            0%         1d1       80%         3
 Gell's Gravitas          Tloc           0%         N/A       80%         3
 Hailstorm                Conj/Ice       0%         3d3       80%         3
 Stone Arrow              Conj/Erth      0%         3d7       80%         3
 Teleport Other           Tloc           0%         N/A       80%         3
 Tukima's Dance           Hex            0%         N/A       80%         3
 Fireball                 Conj/Fire      0%         3d3       100%        5
 Iskenderun's Battlesphe  Conj           0%         2d6       100%        5
 Silence                  Hex/Air        0%         N/A       100%        5
 Yara's Violent Unravell  Hex/Tmut       0%         3d3       100%        5
 Conjure Ball Lightning   Conj/Air       0%         3x3d6     100%        6
 Dispersal                Tloc           0%         N/A       100%        6
 Orb of Destruction       Conj           0%         9d5       100%        7
 Summon Hydra             Summ           0%         N/A       100%        7
 Lehudib's Crystal Spear  Conj/Erth      0%         10d2      100%        8


Dungeon Overview and Level Annotations

Branches:
Dungeon (10/15)            Temple (1/1) D:7            Lair (1/5) D:10
  Sewer (visited)          Bailey (visited)
    Orc: D:9-12

Altars:
Cheibriados
Fedhas
Gozag
Kikubaaqudgha
Nemelex Xobeh
Okawaru
Ru
Sif Muna
Uskayaw
Vehumet
Wu Jian
Zin

Shops:
D:2 **??=   D:6 ([

Annotations:
D:9 2 runed translucent doors
Lair:1 Gastronok


Innate Abilities, Weirdness & Mutations

You have a beak for a mouth.
You have claws for feet.
Your magical nature lets you fly swiftly and evasively.
Your skin changes colour to match your surroundings (Stealth+).
You have supernaturally acute eyesight. (SInv)
You expend magic power (3 MP) to strengthen your wands.
You passively dampen the noise of your surroundings.


Message History

You feel a slight surge of power.
The roots erupt in riotous growth!
Roots grab the black mamba.
The grasping roots constrict the black mamba.
The black mamba struggles to escape constriction. x2
The roots lose their grip on the black mamba.
The black mamba is attracted toward you.
Gastronok is attracted toward you.
As you read the scroll of fear, it crumbles to dust.
You assume a fearsome visage.
Gastronok looks frightened!
The black mamba looks frightened!
The black mamba is attracted toward you.
Gastronok is attracted toward you.
Okay, then.
A red film seems to cover your vision as you go berserk!
You feel yourself moving faster!
You feel mighty! Gastronok is attracted toward you.
The black mamba is attracted toward you.
You barely miss the black mamba.
The black mamba is lightly wounded.
The black mamba is attracted toward you.
You hit the black mamba.
Your attack snaps the black mamba out of its fear.
Your kick misses the black mamba.
The black mamba is lightly wounded.
The black mamba completely misses you.
You puncture the black mamba! You claw the black mamba!
The black mamba is almost dead.
You flicker back into view.
The black mamba completely misses you. x2; Gastronok is attracted toward you.
You barely miss the black mamba. You claw the black mamba.
You kill the black mamba!
The Council accepts your kill.
Gastronok seems to regain his courage.
Your Dodging skill increases to level 7!
You hit Gastronok.
Gastronok is poisoned.
You claw Gastronok!
Gastronok is lightly wounded.
You hit Gastronok.
Gastronok looks as sick as possible!
You claw Gastronok!
Gastronok is moderately wounded.
Gastronok bites you!!!
You die...

#†F†#).F.....
#...#.##.FF..
#..#### F..♣
.# #.># ..
F.. .. ##
#..+... ..
#.##.##(... >
###......§.+.
#......†w..#.
.......@...#
#
....######..#
. #


You could see Gastronok (extremely poisoned).

Vanquished Creatures
  A two-headed ogre (D:9)
  An orc knight (Bailey)
  A manticore (D:9)
  A black mamba (Lair:1)
  A cane toad (Lair:1)
  2 komodo dragons
  A kobold demonologist (D:10)
  Grinder (D:6)
  8 blink frogs (Lair:1)
  Sigmund (D:3)
  3 wyverns (D:7)
  3 yaks
  A steam dragon (D:9)
  3 vampire mosquitoes (D:9)
  3 water moccasins
  Duvessa (D:6)
  2 ice beasts
  A sky beast (D:8)
  7 orc warriors
  2 black bears
  An ogre (D:5)
  A phantom (D:5)
  Blork the orc (D:4)
  A kobold brigand (D:8)
  2 bullfrogs (D:7)
  A necrophage (D:5)
  2 scorpions
  Dowan (D:6)
  5 wights
  4 howler monkeys
  3 hounds
  Crazy Yiuf (D:2)
  2 gnoll boudas
  3 orc priests
  2 jellies (D:5)
  5 orc wizards
  Natasha (thrice) (D:3)
  2 iguanas
  14 gnolls
  6 adders
  A river rat (D:3)
  A white imp (D:6)
  3 ufetubi
  A worm (D:4)
  A dart slug (D:1)
  42 orcs
  9 ball pythons
  3 bats
  7 endoplasms
  12 giant cockroaches
  13 hobgoblins
  7 quokkas
  3 frilled lizards
  10 goblins
  20 kobolds
  7 rats
244 creatures vanquished.

Vanquished Creatures (others)
  2 fungi (D:1)
  4 plants
6 creatures vanquished.

Grand Total: 250 creatures vanquished

Notes
Turn   | Place    | Note
-------+----------+-------------------------------------------
     0 | D:1      | Shayle the Tengu Brigand began the quest for the Orb.
     0 | D:1      | Reached XP level 1. HP: 12/12 MP: 2/2
   172 | D:1      | Reached XP level 2. HP: 15/18 MP: 3/3
   325 | D:1      | Reached XP level 3. HP: 22/22 MP: 4/4
   690 | D:2      | Found Una Jaib's Magic Scroll Shop.
   708 | D:2      | Bought a scroll of identify for 28 gold pieces
   720 | D:2      | You fall into a shaft and drop 1 floor!
   778 | D:3      | Reached skill level 3 in Fighting
   893 | D:3      | Noticed Natasha
   930 | D:3      | Killed Natasha
   931 | D:3      | Reached skill level 5 in Stealth
   931 | D:3      | Reached XP level 4. HP: 25/28 MP: 5/5
   976 | D:3      | Found a glowing drain.
   980 | Sewer    | Entered a sewer
  1033 | Sewer    | Noticed a water moccasin
  1064 | Sewer    | Killed a water moccasin
  1065 | Sewer    | Reached skill level 4 in Fighting
  1065 | Sewer    | Gained mutation: Your magical nature lets you fly swiftly
                  | and evasively. [Tengu growth]
  1065 | Sewer    | Reached XP level 5. HP: 33/33 MP: 6/6
  1247 | D:3      | Noticed Sigmund
  1262 | D:3      | Killed Sigmund
  1263 | D:3      | Reached skill level 5 in Fighting
  1263 | D:3      | Reached XP level 6. HP: 40/40 MP: 7/7
  1304 | D:2      | Found Daurphuod's Jewellery Shop.
  1362 | D:2      | Found Xewnibli's Magic Scroll Shoppe.
  1365 | D:2      | Bought a scroll of teleportation for 42 gold pieces
  1365 | D:2      | Bought a scroll of noise for 14 gold pieces
  1365 | D:2      | Bought a scroll of teleportation for 42 gold pieces
  1412 | D:2      | Found a hide-covered altar of Uskayaw.
  1465 | D:2      | Learned a level 4 spell: Passage of Golubria
  1536 | D:2      | Found Takatuat's Assorted Antiques.
  1547 | D:2      | Bought a scroll labelled KOOQOPR NAYGGAZ for 28 gold pieces
  1609 | D:2      | Found a runed translucent door.
  1610 | D:2      | Noticed Crazy Yiuf
  1686 | D:2      | Found Ireuhy's General Store.
  1892 | D:3      | Reached XP level 7. HP: 44/44 MP: 8/8
  2077 | D:3      | Noticed Natasha
  2084 | D:3      | Killed Natasha
  2162 | D:3      | Identified the +1 chain mail of Rotten Curiosity {rPois}
  2304 | D:3      | Noticed Natasha
  2314 | D:3      | Killed Natasha
  2511 | D:4      | Gained mutation: You have supernaturally acute eyesight.
                  | (SInv) [potion of mutation]
  2511 | D:4      | Gained mutation: You passively dampen the noise of your
                  | surroundings. [potion of mutation]
  2511 | D:4      | Gained mutation: You expend magic power (3 MP) to
                  | strengthen your wands. [potion of mutation]
  2511 | D:4      | Gained mutation: Your skin changes colour to match your
                  | surroundings (Stealth+). [potion of mutation]
  2579 | D:4      | Reached skill level 6 in Fighting
  2583 | D:4      | Noticed Blork the orc
  2594 | D:4      | Killed Blork the orc
  3055 | D:5      | Entered Level 5 of the Dungeon
  3163 | D:5      | Reached XP level 8. HP: 52/52 MP: 9/9
  3277 | D:5      | Reached skill level 7 in Fighting
  3788 | D:6      | Found Ceme's Antique Armour Shop.
  3900 | D:6      | Noticed Grinder
  3900 | D:6      | Found Winud's Antique Weapon Emporium.
  3906 | D:6      | Killed Grinder
  3914 | D:6      | Reached skill level 8 in Fighting
  3914 | D:6      | Reached XP level 9. HP: 50/59 MP: 1/10
  4164 | D:6      | Noticed Duvessa
  4164 | D:6      | Noticed Dowan
  4419 | D:6      | Reached skill level 10 in Stealth
  4436 | D:6      | Killed Duvessa
  4443 | D:6      | Killed Dowan
  4823 | D:6      | Reached skill level 9 in Fighting
  5230 | D:7      | Found an ancient bone altar of Kikubaaqudgha.
  5682 | D:7      | Found an ornate altar of the Wu Jian Council.
  5715 | D:7      | Became a worshipper of the Wu Jian Council
  5848 | D:2      | Bought a glowing rapier for 196 gold pieces
  5884 | D:2      | Killed Crazy Yiuf
  6032 | D:2      | Identified a scroll of acquirement
  6032 | D:2      | Acquired the ring of Qaluiryf {rF+ rN+ Will+}
  6186 | D:7      | Reached skill level 1 in Long Blades
  6385 | D:7      | Found a staircase to the Ecumenical Temple.
  6390 | Temple   | Entered the Ecumenical Temple
  6714 | D:8      | Identified the +12 spear of Dim Light {drain, Contam rF+++
                  | rN++ MP-9}
  6754 | D:8      | Found a flagged portal.
  6767 | Bailey   | Entered a bailey
  6817 | Bailey   | Reached XP level 10. HP: 61/68 MP: 11/11
  6927 | Bailey   | Reached skill level 10 in Fighting
  6995 | Bailey   | Noticed an orc knight
  7026 | Bailey   | Killed an orc knight
  7038 | Bailey   | Identified the +8 spear "Xilanaets" {vamp, Int+7}
  8051 | D:8      | Reached * piety under Wu Jian
  8339 | D:9      | Noticed a manticore
  8347 | D:9      | Killed a manticore
  8348 | D:9      | Reached skill level 5 in Dodging
  8348 | D:9      | Reached skill level 1 in Shields
  8351 | D:9      | Reached skill level 5 in Long Blades
  8359 | D:9      | Found a runed translucent door.
  8359 | D:9      | Noticed an ice dragon
  8360 | D:9      | Found a runed translucent door.
  8360 | D:9      | Noticed a fire dragon
  8360 | D:9      | Found the +2 shield of Resistance {rF++ rC++ Will++}
  8368 | D:9      | Noticed a fire dragon
  8369 | D:9      | Noticed an ice dragon
  8723 | D:9      | Noticed a two-headed ogre
  8731 | D:9      | Killed a two-headed ogre
  8732 | D:9      | Reached skill level 11 in Fighting
  8732 | D:9      | Reached XP level 11. HP: 74/74 MP: 12/12
  8815 | D:6      | Bought a glowing rapier for 189 gold pieces
  9010 | D:10     | Entered Level 10 of the Dungeon
  9108 | D:10     | Found a staircase to the Lair.
  9185 | Lair:1   | Entered Level 1 of the Lair of Beasts
  9215 | Lair:1   | Noticed Gastronok
  9344 | Lair:1   | Annihilated by Gastronok

Illustrated notes

Levels and vault maps discovered:
D:1:      dpeg_cavernosity, layout_basic
D:2:      layout_rooms, serial_shops, nicolae_shop_behind_doors, shop, shop,
          shop, nicolae_shop_overgrown_old_shop, basic_altar,
          uniq_crazy_yiuf_cottage
D:3:      minmay_roachtagon, layout_rooms, gup_sewer_entry_bowl,
          minmay_goblin_kobold_house, uniq_sigmund, uniq_natasha
D:4:      layout_basic, nicolae_titane, uniq_blork_the_orc
D:5:      layout_gridville
D:6:      layout_cave_pods, serial_shops, nicolae_stop_n_shop_2,
          nicolae_shop_hallway_stairs, chequers_serial_rivers_small_b,
          uniq_grinder, uniq_duvessa
D:7:      layout_loops_corners, nicolae_wu_jian_wuxing_cycle,
          kiku_gazebo_pond_becter, temple_doors_ab
D:8:      layout_gridville, enter_bailey_4
D:9:      layout_basic, minmay_guarded_unrand_resistance
D:10:     layout_cave_pools, kennysheep_ying_yang,
          gammafunk_temple_overflow_wave, david_lair_shrubbed, serial_shops,
          nicolae_square_shop
Temple:   compressed_dpeg_triangle_lava_temple
Lair:1:   layout_gridlike, grunt_megastairs_3, uniq_gastronok

Skill      XL: |  1  2  3  4  5  6  7  8  9 10 11 |
---------------+----------------------------------+-----
Fighting       | 3 4 5 6 8 9 11 | 11.5
Stealth        | 5 6 7 9 10 | 10.9
Long Blades    | 2 5 6 |  6.9
Dodging        | 2 5 7 |  7.0
Shields        | 2 4 |  4.0
Short Blades   | |  2.1
Throwing       | |  2.0

Action                   |  1- 3 |  4- 6 |  7- 9 | 10-12 || total
-------------------------+-------+-------+-------+-------++-------
Melee: Dagger            |    64 |    99 |   260 |       ||   423
       Kick              |    14 |    18 |    93 |    66 ||   191
       Peck              |     9 |    13 |    64 |    34 ||   120
       Punch             |       |     1 |     3 |     4 ||     8
       Rapier            |       |       |    24 |   166 ||   190
Throw: Dart              |     1 |    10 |    18 |    11 ||    40
Invok: Lunge             |       |       |     4 |    16 ||    20
       Whirlwind         |       |       |       |     2 ||     2
Evoke: Wand              |       |       |    24 |    10 ||    34
  Use: Scroll            |     1 |     5 |     6 |     6 ||    18
       Potion            |       |     1 |     3 |     8 ||    12
 Stab: Sleeping          |     8 |     4 |    27 |    16 ||    55
       Invisible         |       |       |     4 |     5 ||     9
Armor: Robe              |     6 |    11 |    56 |    29 ||   102
       Skin              |       |    27 |       |       ||    27
Dodge: Dodged            |    54 |    62 |   238 |   182 ||   536
Block: Buckler           |       |       |       |    32 ||    32

Table legend: (Time is in decaauts)
 A = Elapsed time spent in this place.
 B = Non-inter-level travel time spent in this place.
 C = Inter-level travel time spent in this place.
 D = Time resting spent in this place.
 E = Time spent auto-exploring this place.
 F = Levels seen in this place.
 G = Mean time per level.
                   A        B        C        D        E       F      G
               +--------+--------+--------+--------+--------+-----+--------+
         Total |   8747 |   8019 |    728 |   1368 |   4020 |  14 |  624.8 |
       Dungeon |   7919 |   7191 |    728 |   1135 |   3825 |  10 |  791.9 |
        Temple |      1 |      1 |      0 |      0 |      0 |   1 |    1.0 |
          Lair |    152 |    152 |      0 |     51 |      4 |   1 |  152.0 |
         Sewer |    236 |    236 |      0 |     48 |    110 |   1 |  236.0 |
        Bailey |    437 |    437 |      0 |    134 |     80 |   1 |  437.0 |
               +--------+--------+--------+--------+--------+-----+--------+

Top non-repeatable levels by time:
     D:7: 1270 daAuts
     D:6: 1141 daAuts
     D:3: 894 daAuts
     D:5: 881 daAuts
     D:8: 861 daAuts
     D:2: 793 daAuts
     D:1: 684 daAuts
     D:4: 627 daAuts
     D:9: 598 daAuts
  Bailey: 437 daAuts
   Sewer: 236 daAuts
    D:10: 164 daAuts
  Lair:1: 152 daAuts
  Temple: 1 daAuts
